WCHLSIM.com - West Coast Hockey League
html PUBLIC "-//W3C//DTD XHTML 1.0 Transitional//EN" "http://www.w3.org/TR/xhtml1/DTD/xhtml1-transitional.dtd"> WCHL - Game 233 - WINNIPEG BEAVERS vs TEXAS TOROS

WINNIPEG BEAVERS vs TEXAS TOROS

Created - 17 novembre 2021 at 20:26

Goals
1 2 3 T
WINNIPEG BEAVERS 0 2 1 3
TEXAS TOROS 0 1 0 1
Shots
1 2 3 T
WINNIPEG BEAVERS 7 13 16 36
TEXAS TOROS 6 7 3 16

1st period

No Goal

Penalties :
Taylor Raddysh (TEX) for Holding (Minor) at 2:59, Kris Russell (WIN) for Hooking (Minor) at 6:18

2nd period

1. WINNIPEG BEAVERS , Ondrej Palat 5 (David Krejci 11) at 2:46
2. TEXAS TOROS , Eetu Luostarinen 2 (Jason Zucker 4, Wade Allison 2) at 10:54
3. WINNIPEG BEAVERS , Sean Kuraly 1 (Janne Kuokkanen 2, Brett Ritchie 1) at 13:04

Penalties :
Jason Zucker (TEX) for Fighting (Major) at 13:53, Michael Raffl (WIN) for Fighting (Major) at 13:53, Tyson Barrie (TEX) for Boarding (Double Minor) at 14:02

3rd period

4. WINNIPEG BEAVERS , David Krejci 5 (Brad Marchand 9, Joe Pavelski 9) at 15:56 (PP)

Penalties :
Vince Dunn (TEX) for Hooking (Minor) at 14:21, Tyson Barrie (TEX) for Hooking (Minor) at 18:42

Goalie Stats

Linus Ullmark (WIN), 15 saves from 16 shots - (0,938), W, 6-3-0, 60:00 minutes
Mikko Koskinen (TEX), 33 saves from 36 shots - (0,917), L, 3-11-0, 60:00 minutes

Players Stats for WINNIPEG BEAVERS

Player Name              G  A  P  +/- PIM S  H  SB GA TA FO     MP     PP MP  PK MP  
------------------------------------------------------------------------------------
Brad Marchand            0  1  1  -1  0   3  1  0  0  0  0/0    20:26   4:50   0:00 
Brandon Tanev            0  0  0   1  0   4  3  0  0  0  0/0    19:20   3:26   0:00 
Brett Ritchie            0  1  1   1  0   0  1  0  0  0  0/0     4:46   0:42   0:00 
Carson Soucy             0  0  0   0  0   1  2  0  0  0  0/0    19:52   3:40   0:54 
David Krejci             1  1  2   1  0   3  1  0  0  0  11/20  20:12   4:50   0:00 
Dylan DeMelo             0  0  0   0  0   0  3  0  0  0  0/0    20:27   3:45   0:50 
Ian Cole                 0  0  0   1  0   0  0  0  0  0  0/0    17:57   1:25   0:45 
Janne Kuokkanen          0  1  1   1  0   2  0  0  0  0  0/1     7:26   3:18   0:00 
Jason Dickinson          0  0  0   0  0   3  0  0  0  0  11/16  15:13   0:00   1:04 
Joe Pavelski             0  1  1  -1  0   4  0  0  0  0  1/2    20:26   4:50   0:00 
Joel Armia               0  0  0   0  0   3  0  1  0  0  0/0    15:04   0:00   0:55 
Justin Braun             0  0  0   1  0   0  0  0  0  0  0/0    18:27   0:33   0:26 
Kris Russell             0  0  0   0  2   2  0  0  0  0  0/0    20:35   4:11   0:00 
Michael Raffl            0  0  0   0  5   2  0  0  0  0  0/0    13:32   0:00   0:00 
Ondrej Palat             1  0  1   1  0   4  0  0  0  0  0/1    19:14   3:52   0:00 
Rasmus Ristolainen       0  0  0   0  0   2  0  1  0  0  0/0    22:41   4:06   1:03 
Sean Kuraly              1  0  1   1  0   3  0  0  0  0  6/6     4:59   0:00   0:55 
Travis Zajac             0  0  0  -1  0   0  0  1  0  0  12/23  17:22   0:42   1:04 

Players Stats for TEXAS TOROS

Player Name              G  A  P  +/- PIM S  H  SB GA TA FO     MP     PP MP  PK MP  
------------------------------------------------------------------------------------
Alex Chiasson            0  0  0  -1  0   0  0  0  0  0  9/14    7:35   0:22   0:30 
Connor Bunnaman          0  0  0   0  0   1  1  0  0  0  6/16   17:14   0:46   0:51 
Dante Fabbro             0  0  0   0  0   2  3  2  0  0  0/0    22:06   0:46   4:28 
Eetu Luostarinen         1  0  1   0  0   2  0  0  0  0  7/20   19:26   0:51   4:06 
Gabriel Carlsson         0  0  0   0  0   0  1  0  0  0  0/0    21:04   0:46   3:26 
Jake Virtanen            0  0  0   0  0   0  1  0  0  0  1/2    16:23   0:46   0:00 
Jason Zucker             0  1  1   0  5   1  0  0  0  0  1/2    18:08   1:13   2:27 
Madison Bowey            0  0  0   0  0   0  3  1  0  0  0/0    16:44   0:17   1:33 
Mike Hardman             0  0  0  -1  0   1  1  0  0  0  0/1     6:43   0:00   0:00 
Miles Wood               0  0  0   0  0   5  0  0  0  0  0/1    20:25   0:46   4:02 
Nate Schmidt             0  0  0   0  0   0  0  3  0  0  0/0    16:19   0:00   1:29 
Richard Panik            0  0  0  -1  0   1  0  0  0  0  0/0     6:43   0:00   0:00 
Ryan Poehling            0  0  0   0  0   0  0  0  0  0  3/9    12:22   0:00   0:00 
Taro Hirose              0  0  0   0  0   0  0  1  0  0  1/2    12:44   0:22   0:00 
Taylor Raddysh           0  0  0   0  2   0  2  0  0  0  0/1    14:29   0:00   2:08 
Tyson Barrie             0  0  0  -1  6   1  0  1  0  0  0/0    20:39   1:13   1:59 
Vince Dunn               0  0  0  -1  2   0  1  1  0  0  0/0    22:35   0:56   4:15 
Wade Allison             0  1  1   0  0   2  2  1  0  0  0/1    19:26   0:51   4:06 

3 Stars

1 - David Krejci (WIN)
2 - Sean Kuraly (WIN)
3 - Ondrej Palat (WIN)

Power Play

WINNIPEG BEAVERS - 1 on 5 Attempt(s) - 20,00%
TEXAS TOROS - 0 on 1 Attempt(s) - 0,00%

Penalty Kill

WINNIPEG BEAVERS - 1 on 1 Attempt(s) - 100,00% - Score 0 goal in Penalty Kill
TEXAS TOROS - 4 on 5 Attempt(s) - 80,00% - Score 0 goal in Penalty Kill

Team Stat

WINNIPEG BEAVERS - Hits : 11 - Faceoff Wins : 41 - Blocked Shots : 3 - Penalty Minutes : 7
TEXAS TOROS - Hits : 15 - Faceoff Wins : 28 - Blocked Shots : 10 - Penalty Minutes : 15

Official

Referees : Michael Markovic and Kenny Anderson
Linesman : Bryan Pancich and Jesse Marquis

Game Notes

Jason Zucker beats up Michael Raffl at 13:53 of 2nd period

Finance

Level 1 -- Attendance: 4899 (75,37%) -- Ticket Income 832 830 $
Level 2 -- Attendance: 4398 (79,96%) -- Ticket Income 527 760 $
Level 3 -- Attendance: 2086 (69,53%) -- Ticket Income 187 740 $
Level 4 -- Attendance: 4670 (93,40%) -- Ticket Income 280 200 $
Luxury Box -- Attendance: 609 (60,90%) -- Ticket Income 243 600 $
Game was played at the Red Bull Arena.
Total Attendance: 16662 (79,34%)
Total Ticket Income: 2 072 130 $
Other Expense: 20 721 $
Total Income: 2 051 409 $

WINNIPEG BEAVERS

5 vs 5 Forward 
   Center                   Left Wing                Right Wing               Time % Phy DF OF 
 1 Travis Zajac             Brad Marchand            Joe Pavelski             33     0   2  3  
 2 David Krejci             Ondrej Palat             Brandon Tanev            32     0   2  3  
 3 Jason Dickinson          Michael Raffl            Joel Armia               27     1   3  1  
 4 Sean Kuraly              Janne Kuokkanen          Brett Ritchie            8      1   3  1  

5 vs 5 Defense 
   Defense                  Defense                                           Time % Phy DF OF 
 1 Kris Russell             Rasmus Ristolainen                                32     0   3  2  
 2 Justin Braun             Ian Cole                                          31     1   3  1  
 3 Dylan DeMelo             Carson Soucy                                      31     1   3  1  
 4 Justin Braun             Rasmus Ristolainen                                6      1   3  1  

PowerPlay Forward 
   Center                   Left Wing                Right Wing               Time % Phy DF OF 
 1 David Krejci             Brad Marchand            Joe Pavelski             51     0   0  5  
 2 Janne Kuokkanen          Ondrej Palat             Brandon Tanev            49     1   0  4  

PowerPlay Defense
   Defense                  Defense                                           Time % Phy DF OF 
 1 Carson Soucy             Rasmus Ristolainen                                52     0   1  4  
 2 Dylan DeMelo             Kris Russell                                      48     0   1  4  

Penalty Kill 4 Players Forward 
   Center                   Wing                     Time % Phy DF OF 
 1 Travis Zajac             Jason Dickinson          50     0   4  1  
 2 Sean Kuraly              Joel Armia               50     0   4  1  

Penalty Kill 4 Players Defense
   Defense                  Defense                  Time % Phy DF OF 
 1 Rasmus Ristolainen       Kris Russell             53     1   4  0  
 2 Justin Braun             Dylan DeMelo             47     1   4  0  

Penalty Kill - 3 Players Forward 
   Forward                                           Time % Phy DF OF 
 1 David Krejci                                      50     1   4  0  
 2 Joe Pavelski                                      50     1   4  0  

Penalty Kill - 3 Players Defense
   Defense                  Defense                  Time % Phy DF OF 
 1 Rasmus Ristolainen       Kris Russell             50     1   4  0  
 2 Dylan DeMelo             Ian Cole                 50     1   4  0  

4 vs 4 Forward 
   Center                   Wing                     Time % Phy DF OF 
 1 David Krejci             Brad Marchand            50     0   2  3  
 2 Joe Pavelski             Ondrej Palat             50     0   2  3  

4 vs 4 Defense
   Defense                  Defense                  Time % Phy DF OF 
 1 Rasmus Ristolainen       Dylan DeMelo             50     1   2  2  
 2 Kris Russell             Carson Soucy             50     1   2  2  

Last Minutes Offensive
   Center                   Left Wing                Right Wing               Defense                  Defense                  
   Travis Zajac             Brad Marchand            Joe Pavelski             Ian Cole                 Rasmus Ristolainen       

Last Minutes Defensive
   Center                   Left Wing                Right Wing               Defense                  Defense                  
   Travis Zajac             Brad Marchand            Joe Pavelski             Ian Cole                 Rasmus Ristolainen       

Goaltenders
Starting : Linus Ullmark            
Backup : Logan Thompson           

Extra Forwards
Normal : Ondrej Palat, Brad Marchand, Joe Pavelski - PP : David Krejci, Brad Marchand - PK : Brandon Tanev
Extra Defensemen
Normal : Justin Braun, Rasmus Ristolainen, Ian Cole - PP : Kris Russell - PK : Dylan DeMelo, Rasmus Ristolainen
Penalty Shots
Brad Marchand, David Krejci, Joe Pavelski, Ondrej Palat, Janne Kuokkanen
Custom OT Lines Forwards
Brad Marchand, Travis Zajac, Joe Pavelski, Ondrej Palat, David Krejci, Janne Kuokkanen, Joel Armia, Jason Dickinson, Brandon Tanev, Sean Kuraly
Custom OT Lines Defensemen
Justin Braun, Ian Cole, Kris Russell, Rasmus Ristolainen, Dylan DeMelo

Scratches
Alexander Radulov (Lower Body Injury)

TEXAS TOROS

5 vs 5 Forward 
   Center                   Left Wing                Right Wing               Time % Phy DF OF 
 1 Eetu Luostarinen         Jason Zucker             Wade Allison             36     1   2  2  
 2 Connor Bunnaman          Miles Wood               Jake Virtanen            31     1   2  2  
 3 Ryan Poehling            Taro Hirose              Taylor Raddysh           23     1   2  2  
 4 Alex Chiasson            Richard Panik            Mike Hardman             10     1   2  2  

5 vs 5 Defense 
   Defense                  Defense                                           Time % Phy DF OF 
 1 Tyson Barrie             Vince Dunn                                        36     1   2  2  
 2 Dante Fabbro             Gabriel Carlsson                                  31     1   2  2  
 3 Madison Bowey            Nate Schmidt                                      23     1   2  2  
 4 Tyson Barrie             Vince Dunn                                        10     1   2  2  

PowerPlay Forward 
   Center                   Left Wing                Right Wing               Time % Phy DF OF 
 1 Eetu Luostarinen         Jason Zucker             Wade Allison             55     1   2  2  
 2 Connor Bunnaman          Miles Wood               Jake Virtanen            45     1   2  2  

PowerPlay Defense
   Defense                  Defense                                           Time % Phy DF OF 
 1 Tyson Barrie             Vince Dunn                                        55     1   2  2  
 2 Dante Fabbro             Gabriel Carlsson                                  45     1   2  2  

Penalty Kill 4 Players Forward 
   Center                   Wing                     Time % Phy DF OF 
 1 Jason Zucker             Miles Wood               55     1   2  2  
 2 Eetu Luostarinen         Wade Allison             45     1   2  2  

Penalty Kill 4 Players Defense
   Defense                  Defense                  Time % Phy DF OF 
 1 Tyson Barrie             Vince Dunn               55     1   2  2  
 2 Dante Fabbro             Gabriel Carlsson         45     1   2  2  

Penalty Kill - 3 Players Forward 
   Forward                                           Time % Phy DF OF 
 1 Jason Zucker                                      55     1   2  2  
 2 Miles Wood                                        45     1   2  2  

Penalty Kill - 3 Players Defense
   Defense                  Defense                  Time % Phy DF OF 
 1 Tyson Barrie             Vince Dunn               55     1   2  2  
 2 Dante Fabbro             Gabriel Carlsson         45     1   2  2  

4 vs 4 Forward 
   Center                   Wing                     Time % Phy DF OF 
 1 Jason Zucker             Miles Wood               55     1   2  2  
 2 Eetu Luostarinen         Wade Allison             45     1   2  2  

4 vs 4 Defense
   Defense                  Defense                  Time % Phy DF OF 
 1 Tyson Barrie             Vince Dunn               55     1   2  2  
 2 Dante Fabbro             Gabriel Carlsson         45     1   2  2  

Last Minutes Offensive
   Center                   Left Wing                Right Wing               Defense                  Defense                  
   Eetu Luostarinen         Jason Zucker             Wade Allison             Tyson Barrie             Vince Dunn               

Last Minutes Defensive
   Center                   Left Wing                Right Wing               Defense                  Defense                  
   Eetu Luostarinen         Jason Zucker             Wade Allison             Tyson Barrie             Vince Dunn               

Goaltenders
Starting : Mikko Koskinen           
Backup : Jakub Skarek             

Extra Forwards
Normal : Jason Zucker, Taro Hirose, Taylor Raddysh - PP : Jason Zucker, Taro Hirose - PK : Taylor Raddysh
Extra Defensemen
Normal : Madison Bowey, Tyson Barrie, Dante Fabbro - PP : Madison Bowey - PK : Vince Dunn, Dante Fabbro
Penalty Shots
Jason Zucker, Miles Wood, Eetu Luostarinen, Wade Allison, Jake Virtanen
Custom OT Lines Forwards
Jason Zucker, Miles Wood, Eetu Luostarinen, Wade Allison, Jake Virtanen, Taro Hirose, Connor Bunnaman, Taylor Raddysh, Ryan Poehling, Alex Chiasson
Custom OT Lines Defensemen
Tyson Barrie, Vince Dunn, Dante Fabbro, Gabriel Carlsson, Madison Bowey

Scratches
Barrett Hayton (Sore Left Knee Injury), Nikita Gusev (Right Foot Injury), Sven Baertschi (Healthy), Trevor Zegras (Herniated Disc Injury), Thomas Schemitsch (Healthy)

% Time on Ice - WINNIPEG BEAVERS

Lines # - Real PCT - Wanted PCT - Time Play
Normal Forward
1 - 32% - 33% - 15:36
2 - 31% - 32% - 15:22
3 - 29% - 27% - 14:09
4 - 8% - 8% - 4:04
Normal Defense
1 - 32% - 32% - 15:51
2 - 32% - 31% - 15:47
3 - 32% - 31% - 15:52
4 - 3% - 6% - 1:41
PP Forward
1 - 56% - 51% - 4:58
2 - 44% - 49% - 3:52
PP Defense
1 - 46% - 52% - 4:06
2 - 54% - 48% - 4:44
PK Forward
1 - 54% - 50% - 1:04
2 - 46% - 50% - 0:55
PK Defense
1 - 78% - 53% - 1:33
2 - 22% - 47% - 0:26
PK3 Forward
1 - 0% - 50%
2 - 0% - 50%
PK3 Defense
1 - 0% - 50%
2 - 0% - 50%
44 Forward
1 - 0% - 50%
2 - 0% - 50%
44 Defense
1 - 0% - 50%
2 - 0% - 50%
Last Minute Offensive  - 0:00
Last Minute Defensive  - 0:00
Total
Forward - 60:00
Defense - 60:00

% Time on Ice - TEXAS TOROS

Lines # - Real PCT - Wanted PCT - Time Play
Normal Forward
1 - 29% - 36% - 14:29
2 - 32% - 31% - 15:37
3 - 25% - 23% - 12:22
4 - 14% - 10% - 6:43
Normal Defense
1 - 33% - 36% - 16:02
2 - 34% - 31% - 16:52
3 - 30% - 23% - 14:54
4 - 3% - 10% - 1:23
PP Forward
1 - 61% - 55% - 1:13
2 - 39% - 45% - 0:46
PP Defense
1 - 61% - 55% - 1:13
2 - 39% - 45% - 0:46
PK Forward
1 - 54% - 55% - 4:44
2 - 46% - 45% - 4:06
PK Defense
1 - 82% - 55% - 7:15
2 - 18% - 45% - 1:35
PK3 Forward
1 - 0% - 55%
2 - 0% - 45%
PK3 Defense
1 - 0% - 55%
2 - 0% - 45%
44 Forward
1 - 0% - 55%
2 - 0% - 45%
44 Defense
1 - 0% - 55%
2 - 0% - 45%
Last Minute Offensive  - 0:00
Last Minute Defensive  - 0:00
Total
Forward - 60:00
Defense - 60:00

Play-by-Play

1st period


0:01 of 1st period - Eetu Luostarinen wins face-off versus Travis Zajac in neutral zone.
0:17 of 1st period - Shot by Brad Marchand.
0:17 of 1st period - Shot Misses the Net.
0:24 of 1st period - Icing by Vince Dunn.
0:25 of 1st period - Eetu Luostarinen wins face-off versus David Krejci in TEXAS TOROS zone.
0:25 of 1st period - Eetu Luostarinen is hit by Brandon Tanev.
0:37 of 1st period - Shot by Jason Zucker.
0:37 of 1st period - Stopped by Linus Ullmark without a rebound.
0:38 of 1st period - Jake Virtanen wins face-off versus Jason Dickinson in WINNIPEG BEAVERS zone.
0:38 of 1st period - Miles Wood is hit by Dylan DeMelo.
0:51 of 1st period - Icing by Dylan DeMelo.
0:52 of 1st period - Jason Dickinson wins face-off versus Ryan Poehling in WINNIPEG BEAVERS zone.
1:02 of 1st period - Shot by Jason Dickinson.
1:02 of 1st period - Shot Blocked by Nate Schmidt.
1:06 of 1st period - Shot by Jason Dickinson.
1:06 of 1st period - Shot Blocked by Madison Bowey.
1:08 of 1st period - Shot by Jason Dickinson.
1:08 of 1st period - Stopped by Mikko Koskinen without a rebound.
1:09 of 1st period - David Krejci wins face-off versus Connor Bunnaman in TEXAS TOROS zone.
1:45 of 1st period - Shot by Ondrej Palat.
1:45 of 1st period - Shot Misses the Net.
2:01 of 1st period - Shot by Joe Pavelski.
2:01 of 1st period - Stopped by Mikko Koskinen without a rebound.
2:02 of 1st period - Sean Kuraly wins face-off versus Alex Chiasson in TEXAS TOROS zone.
2:03 of 1st period - Shot by Rasmus Ristolainen.
2:03 of 1st period - Stopped by Mikko Koskinen with a rebound.
2:19 of 1st period - Shot by Alex Chiasson.
2:19 of 1st period - Shot Misses the Net.
2:50 of 1st period - Off-side.
2:51 of 1st period - Ryan Poehling wins face-off versus Travis Zajac in neutral zone.
2:54 of 1st period - Shot by Nate Schmidt.
2:54 of 1st period - Shot Misses the Net.
2:59 of 1st period - Minor Penalty to Taylor Raddysh for Holding.
3:00 of 1st period - Jason Zucker wins face-off versus David Krejci in TEXAS TOROS zone.
3:00 of 1st period - Jason Zucker is hit by David Krejci.
3:57 of 1st period - Ondrej Palat is hit by Vince Dunn and loses puck.
4:02 of 1st period - Shot by Ondrej Palat.
4:02 of 1st period - Shot Misses the Net.
4:04 of 1st period - Shot by Janne Kuokkanen.
4:04 of 1st period - Stopped by Mikko Koskinen with a rebound.
4:22 of 1st period - Shot by Brandon Tanev.
4:22 of 1st period - Shot Hit the Post.
4:24 of 1st period - Shot by Kris Russell.
4:24 of 1st period - Shot Misses the Net.
6:06 of 1st period - Dylan DeMelo is hit by Connor Bunnaman and loses puck.
6:18 of 1st period - Minor Penalty to Kris Russell for Hooking.
6:19 of 1st period - Travis Zajac wins face-off versus Eetu Luostarinen in WINNIPEG BEAVERS zone.
8:00 of 1st period - Shot by Tyson Barrie.
8:00 of 1st period - Stopped by Linus Ullmark without a rebound.
8:01 of 1st period - Sean Kuraly wins face-off versus Eetu Luostarinen in WINNIPEG BEAVERS zone.
8:01 of 1st period - Sean Kuraly is hit by Wade Allison.
8:31 of 1st period - Justin Braun is hit by Taylor Raddysh and loses puck.
8:38 of 1st period - Shot by Ryan Poehling.
8:38 of 1st period - Deflect By Taylor Raddysh.
8:38 of 1st period - Shot Misses the Net.
9:00 of 1st period - Shot by Mike Hardman.
9:00 of 1st period - Shot Misses the Net.
9:17 of 1st period - Icing by David Krejci.
9:18 of 1st period - Connor Bunnaman wins face-off versus David Krejci in WINNIPEG BEAVERS zone.
10:27 of 1st period - Off-side.
10:28 of 1st period - Ryan Poehling wins face-off versus Travis Zajac in neutral zone.
10:51 of 1st period - Travis Zajac is hit by Madison Bowey.
10:54 of 1st period - Brad Marchand is hit by Madison Bowey and loses puck.
11:09 of 1st period - Shot by Joe Pavelski.
11:09 of 1st period - Shot Blocked by Taro Hirose.
11:11 of 1st period - Shot by Carson Soucy.
11:11 of 1st period - Stopped by Mikko Koskinen without a rebound.
11:12 of 1st period - Jason Dickinson wins face-off versus Eetu Luostarinen in TEXAS TOROS zone.
11:31 of 1st period - Shot by Michael Raffl.
11:31 of 1st period - Deflect By Jason Dickinson.
11:31 of 1st period - Shot Misses the Net.
12:15 of 1st period - Off-side.
12:16 of 1st period - Connor Bunnaman wins face-off versus Travis Zajac in neutral zone.
12:34 of 1st period - Off-side.
12:35 of 1st period - Sean Kuraly wins face-off versus Taylor Raddysh in neutral zone.
13:19 of 1st period - Shot by Joe Pavelski.
13:19 of 1st period - Shot Misses the Net.
13:21 of 1st period - Shot by Joe Pavelski.
13:21 of 1st period - Shot Misses the Net.
13:27 of 1st period - Shot by Brad Marchand.
13:27 of 1st period - Shot Blocked by Nate Schmidt.
13:29 of 1st period - Shot by Joe Pavelski.
13:29 of 1st period - Deflect By Brad Marchand.
13:29 of 1st period - Shot Misses the Net.
13:31 of 1st period - Shot by Brad Marchand.
13:31 of 1st period - Shot Misses the Net.
14:16 of 1st period - Shot by Jason Dickinson.
14:16 of 1st period - Stopped by Mikko Koskinen without a rebound.
14:17 of 1st period - David Krejci wins face-off versus Eetu Luostarinen in TEXAS TOROS zone.
14:45 of 1st period - Shot by Brandon Tanev.
14:45 of 1st period - Stopped by Mikko Koskinen without a rebound.
14:46 of 1st period - Travis Zajac wins face-off versus Connor Bunnaman in TEXAS TOROS zone.
14:49 of 1st period - Shot by Brad Marchand.
14:49 of 1st period - Shot Misses the Net.
15:05 of 1st period - Shot by Miles Wood.
15:05 of 1st period - Shot Blocked by Rasmus Ristolainen.
15:07 of 1st period - Shot by Dante Fabbro.
15:07 of 1st period - Deflect By Miles Wood.
15:07 of 1st period - Stopped by Linus Ullmark with a rebound.
15:24 of 1st period - Shot by Miles Wood.
15:24 of 1st period - Stopped by Linus Ullmark with a rebound.
15:33 of 1st period - Icing by Joe Pavelski.
15:34 of 1st period - Travis Zajac wins face-off versus Eetu Luostarinen in WINNIPEG BEAVERS zone.
16:02 of 1st period - Jason Zucker is hit by Carson Soucy and loses puck.
16:19 of 1st period - Jason Zucker is hit by Dylan DeMelo and loses puck.
16:31 of 1st period - Icing by Dylan DeMelo.
16:32 of 1st period - Alex Chiasson wins face-off versus Jason Dickinson in WINNIPEG BEAVERS zone.
16:35 of 1st period - Shot by Mike Hardman.
16:35 of 1st period - Stopped by Linus Ullmark without a rebound.
16:36 of 1st period - David Krejci wins face-off versus Connor Bunnaman in WINNIPEG BEAVERS zone.
16:36 of 1st period - David Krejci is hit by Jake Virtanen.
16:43 of 1st period - David Krejci is hit by Dante Fabbro and loses puck.
16:47 of 1st period - Ondrej Palat is hit by Dante Fabbro and loses puck.
17:04 of 1st period - Shot by Miles Wood.
17:04 of 1st period - Stopped by Linus Ullmark with a rebound.
17:58 of 1st period - Shot by Brad Marchand.
17:58 of 1st period - Deflect By Joe Pavelski.
17:58 of 1st period - Shot Misses the Net.
18:00 of 1st period - Shot by Joe Pavelski.
18:00 of 1st period - Shot Misses the Net.
Goals for this period are 0 for WINNIPEG BEAVERS vs 0 for TEXAS TOROS.
Shots for this period are 7 for WINNIPEG BEAVERS vs 6 for TEXAS TOROS.

2nd period


0:01 of 2nd period - Travis Zajac wins face-off versus Eetu Luostarinen in neutral zone.
0:06 of 2nd period - Shot by Joe Pavelski.
0:06 of 2nd period - Shot Misses the Net.
0:20 of 2nd period - Shot by Wade Allison.
0:20 of 2nd period - Stopped by Linus Ullmark without a rebound.
0:21 of 2nd period - Alex Chiasson wins face-off versus David Krejci in WINNIPEG BEAVERS zone.
0:32 of 2nd period - Shot by Richard Panik.
0:32 of 2nd period - Stopped by Linus Ullmark without a rebound.
0:33 of 2nd period - Eetu Luostarinen wins face-off versus Travis Zajac in WINNIPEG BEAVERS zone.
1:55 of 2nd period - Shot by Joel Armia.
1:55 of 2nd period - Deflect By Michael Raffl.
1:55 of 2nd period - Stopped by Mikko Koskinen with a rebound.
1:57 of 2nd period - Shot by Joel Armia.
1:57 of 2nd period - Shot Misses the Net.
1:59 of 2nd period - Shot by Joel Armia.
1:59 of 2nd period - Stopped by Mikko Koskinen without a rebound.
2:00 of 2nd period - David Krejci wins face-off versus Ryan Poehling in TEXAS TOROS zone.
2:03 of 2nd period - Shot by Brandon Tanev.
2:03 of 2nd period - Shot Misses the Net.
2:21 of 2nd period - Shot by Dante Fabbro.
2:21 of 2nd period - Stopped by Linus Ullmark without a rebound.
2:22 of 2nd period - Travis Zajac wins face-off versus Alex Chiasson in WINNIPEG BEAVERS zone.
2:40 of 2nd period - Icing by Nate Schmidt.
2:41 of 2nd period - David Krejci wins face-off versus Alex Chiasson in TEXAS TOROS zone.
2:46 of 2nd period - Shot by Ondrej Palat.
2:46 of 2nd period - Goal by Ondrej Palat - WINNIPEG BEAVERS : 1 - TEXAS TOROS : 0.
2:47 of 2nd period - Travis Zajac wins face-off versus Ryan Poehling in neutral zone.
3:05 of 2nd period - Icing by Tyson Barrie.
3:06 of 2nd period - Ryan Poehling wins face-off versus Ondrej Palat in TEXAS TOROS zone.
4:05 of 2nd period - David Krejci is hit by Wade Allison and loses puck.
4:17 of 2nd period - Icing by Gabriel Carlsson.
4:18 of 2nd period - Eetu Luostarinen wins face-off versus Travis Zajac in TEXAS TOROS zone.
4:37 of 2nd period - Shot by Brad Marchand.
4:37 of 2nd period - Stopped by Mikko Koskinen without a rebound.
4:38 of 2nd period - Jason Dickinson wins face-off versus Connor Bunnaman in TEXAS TOROS zone.
5:05 of 2nd period - Shot by Miles Wood.
5:05 of 2nd period - Stopped by Linus Ullmark without a rebound.
5:06 of 2nd period - Travis Zajac wins face-off versus Alex Chiasson in WINNIPEG BEAVERS zone.
5:19 of 2nd period - Shot by Joe Pavelski.
5:19 of 2nd period - Stopped by Mikko Koskinen without a rebound.
5:20 of 2nd period - Sean Kuraly wins face-off versus Taro Hirose in TEXAS TOROS zone.
5:31 of 2nd period - Vince Dunn is hit by Brett Ritchie and loses puck.
5:48 of 2nd period - Shot by Janne Kuokkanen.
5:48 of 2nd period - Stopped by Mikko Koskinen without a rebound.
5:49 of 2nd period - Travis Zajac wins face-off versus Wade Allison in TEXAS TOROS zone.
6:31 of 2nd period - Shot by Joe Pavelski.
6:31 of 2nd period - Shot Misses the Net.
8:37 of 2nd period - Brad Marchand is hit by Gabriel Carlsson and loses puck.
8:48 of 2nd period - Shot by Joe Pavelski.
8:48 of 2nd period - Stopped by Mikko Koskinen without a rebound.
8:49 of 2nd period - Alex Chiasson wins face-off versus Janne Kuokkanen in TEXAS TOROS zone.
9:01 of 2nd period - Rasmus Ristolainen is hit by Mike Hardman and loses puck.
9:20 of 2nd period - Shot by Sean Kuraly.
9:20 of 2nd period - Stopped by Mikko Koskinen with a rebound.
9:25 of 2nd period - Icing by Tyson Barrie.
9:26 of 2nd period - Alex Chiasson wins face-off versus Travis Zajac in TEXAS TOROS zone.
10:18 of 2nd period - Shot by Connor Bunnaman.
10:18 of 2nd period - Shot Blocked by Travis Zajac.
10:20 of 2nd period - Shot by Connor Bunnaman.
10:20 of 2nd period - Shot Misses the Net.
10:54 of 2nd period - Shot by Eetu Luostarinen.
10:54 of 2nd period - Goal by Eetu Luostarinen - WINNIPEG BEAVERS : 1 - TEXAS TOROS : 1.
10:55 of 2nd period - Taro Hirose wins face-off versus David Krejci in neutral zone.
11:38 of 2nd period - Taro Hirose is hit by Brandon Tanev and loses puck.
12:03 of 2nd period - Shot by Jason Dickinson.
12:03 of 2nd period - Deflect By Joel Armia.
12:03 of 2nd period - Stopped by Mikko Koskinen with a rebound.
12:05 of 2nd period - Shot by Rasmus Ristolainen.
12:05 of 2nd period - Stopped by Mikko Koskinen with a rebound.
12:07 of 2nd period - Shot by Jason Dickinson.
12:07 of 2nd period - Shot Misses the Net.
12:44 of 2nd period - Icing by Justin Braun.
12:45 of 2nd period - Sean Kuraly wins face-off versus Eetu Luostarinen in WINNIPEG BEAVERS zone.
13:04 of 2nd period - Shot by Sean Kuraly.
13:04 of 2nd period - Goal by Sean Kuraly - WINNIPEG BEAVERS : 2 - TEXAS TOROS : 1.
13:05 of 2nd period - Connor Bunnaman wins face-off versus David Krejci in neutral zone.
13:26 of 2nd period - Shot by Miles Wood.
13:26 of 2nd period - Stopped by Linus Ullmark with a rebound.
13:38 of 2nd period - Shot by Connor Bunnaman.
13:38 of 2nd period - Stopped by Linus Ullmark without a rebound.
13:39 of 2nd period - Jason Dickinson wins face-off versus Eetu Luostarinen in WINNIPEG BEAVERS zone.
13:48 of 2nd period - Shot by Wade Allison.
13:48 of 2nd period - Shot Misses the Net.
13:53 of 2nd period - Jason Zucker beats up Michael Raffl.
13:53 of 2nd period - Penalty to Jason Zucker for Fighting.
13:53 of 2nd period - Penalty to Michael Raffl for Fighting.
13:54 of 2nd period - Alex Chiasson wins face-off versus Travis Zajac in WINNIPEG BEAVERS zone.
14:02 of 2nd period - Double Minor Penalty to Tyson Barrie for Boarding.
14:03 of 2nd period - Connor Bunnaman wins face-off versus David Krejci in TEXAS TOROS zone.
14:43 of 2nd period - Shot by Brad Marchand.
14:43 of 2nd period - Deflect By David Krejci.
14:43 of 2nd period - Stopped by Mikko Koskinen with a rebound.
14:45 of 2nd period - Shot by Brad Marchand.
14:45 of 2nd period - Shot Misses the Net.
16:33 of 2nd period - Janne Kuokkanen is hit by Taylor Raddysh and loses puck.
17:15 of 2nd period - Shot by Joe Pavelski.
17:15 of 2nd period - Shot Blocked by Dante Fabbro.
17:25 of 2nd period - Shot by Ondrej Palat.
17:25 of 2nd period - Shot Blocked by Wade Allison.
18:05 of 2nd period - Shot by Joel Armia.
18:05 of 2nd period - Deflect By Jason Dickinson.
18:05 of 2nd period - Stopped by Mikko Koskinen without a rebound.
18:06 of 2nd period - Alex Chiasson wins face-off versus Jason Dickinson in TEXAS TOROS zone.
18:37 of 2nd period - Icing by Nate Schmidt.
18:38 of 2nd period - Alex Chiasson wins face-off versus Travis Zajac in TEXAS TOROS zone.
19:11 of 2nd period - Shot by Brad Marchand.
19:11 of 2nd period - Deflect By Joe Pavelski.
19:11 of 2nd period - Shot Misses the Net.
19:14 of 2nd period - Icing by Madison Bowey.
19:15 of 2nd period - Alex Chiasson wins face-off versus Jason Dickinson in TEXAS TOROS zone.
Goals for this period are 2 for WINNIPEG BEAVERS vs 1 for TEXAS TOROS.
Shots for this period are 13 for WINNIPEG BEAVERS vs 7 for TEXAS TOROS.

3rd period


0:01 of 3rd period - Eetu Luostarinen wins face-off versus David Krejci in neutral zone.
2:24 of 3rd period - Shot by Joel Armia.
2:24 of 3rd period - Stopped by Mikko Koskinen without a rebound.
2:25 of 3rd period - David Krejci wins face-off versus Alex Chiasson in TEXAS TOROS zone.
3:04 of 3rd period - Shot by Ondrej Palat.
3:04 of 3rd period - Deflect By Brandon Tanev.
3:04 of 3rd period - Stopped by Mikko Koskinen without a rebound.
3:05 of 3rd period - Jason Dickinson wins face-off versus Ryan Poehling in TEXAS TOROS zone.
3:20 of 3rd period - Icing by Dylan DeMelo.
3:21 of 3rd period - Connor Bunnaman wins face-off versus Jason Dickinson in WINNIPEG BEAVERS zone.
3:21 of 3rd period - Connor Bunnaman is hit by Dylan DeMelo.
4:57 of 3rd period - Shot by David Krejci.
4:57 of 3rd period - Shot Misses the Net.
5:11 of 3rd period - Icing by Dante Fabbro.
5:12 of 3rd period - Joe Pavelski wins face-off versus Eetu Luostarinen in TEXAS TOROS zone.
5:23 of 3rd period - Shot by Brad Marchand.
5:23 of 3rd period - Stopped by Mikko Koskinen without a rebound.
5:24 of 3rd period - Sean Kuraly wins face-off versus Connor Bunnaman in TEXAS TOROS zone.
5:25 of 3rd period - Shot by Janne Kuokkanen.
5:25 of 3rd period - Shot Misses the Net.
5:27 of 3rd period - Shot by Sean Kuraly.
5:27 of 3rd period - Stopped by Mikko Koskinen without a rebound.
5:28 of 3rd period - Travis Zajac wins face-off versus Connor Bunnaman in TEXAS TOROS zone.
5:29 of 3rd period - Shot by Brad Marchand.
5:29 of 3rd period - Stopped by Mikko Koskinen without a rebound.
5:30 of 3rd period - Travis Zajac wins face-off versus Connor Bunnaman in TEXAS TOROS zone.
6:26 of 3rd period - Shot by David Krejci.
6:26 of 3rd period - Shot Misses the Net.
6:28 of 3rd period - Shot by Kris Russell.
6:28 of 3rd period - Stopped by Mikko Koskinen with a rebound.
6:30 of 3rd period - Shot by David Krejci.
6:30 of 3rd period - Shot Blocked by Tyson Barrie.
6:32 of 3rd period - Shot by Brandon Tanev.
6:32 of 3rd period - Stopped by Mikko Koskinen without a rebound.
6:33 of 3rd period - Jason Dickinson wins face-off versus Ryan Poehling in TEXAS TOROS zone.
6:34 of 3rd period - Shot by Michael Raffl.
6:34 of 3rd period - Shot Misses the Net.
8:03 of 3rd period - Shot by Ondrej Palat.
8:03 of 3rd period - Stopped by Mikko Koskinen with a rebound.
8:05 of 3rd period - Shot by Brandon Tanev.
8:05 of 3rd period - Stopped by Mikko Koskinen without a rebound.
8:06 of 3rd period - Alex Chiasson wins face-off versus Travis Zajac in TEXAS TOROS zone.
8:27 of 3rd period - Icing by Ian Cole.
8:28 of 3rd period - Connor Bunnaman wins face-off versus Travis Zajac in WINNIPEG BEAVERS zone.
8:56 of 3rd period - Icing by Nate Schmidt.
8:57 of 3rd period - David Krejci wins face-off versus Connor Bunnaman in TEXAS TOROS zone.
9:14 of 3rd period - Off-side.
9:15 of 3rd period - Jason Dickinson wins face-off versus Eetu Luostarinen in neutral zone.
9:42 of 3rd period - Shot by Jason Dickinson.
9:42 of 3rd period - Shot Blocked by Vince Dunn.
9:55 of 3rd period - Eetu Luostarinen is hit by Carson Soucy and loses puck.
10:33 of 3rd period - David Krejci is hit by Dante Fabbro.
11:07 of 3rd period - Icing by Joe Pavelski.
11:08 of 3rd period - Travis Zajac wins face-off versus Miles Wood in WINNIPEG BEAVERS zone.
11:15 of 3rd period - Icing by Nate Schmidt.
11:16 of 3rd period - Travis Zajac wins face-off versus Jake Virtanen in TEXAS TOROS zone.
12:29 of 3rd period - Shot by Ondrej Palat.
12:29 of 3rd period - Stopped by Mikko Koskinen with a rebound.
12:31 of 3rd period - Shot by Kris Russell.
12:31 of 3rd period - Stopped by Mikko Koskinen with a rebound.
12:33 of 3rd period - Shot by Brandon Tanev.
12:33 of 3rd period - Shot Blocked by Nate Schmidt.
13:23 of 3rd period - Jake Virtanen is hit by Brandon Tanev and loses puck.
14:21 of 3rd period - Minor Penalty to Vince Dunn for Hooking.
14:22 of 3rd period - David Krejci wins face-off versus Eetu Luostarinen in TEXAS TOROS zone.
14:35 of 3rd period - Shot by Brad Marchand.
14:35 of 3rd period - Shot Blocked by Dante Fabbro.
14:37 of 3rd period - Shot by Joe Pavelski.
14:37 of 3rd period - Stopped by Mikko Koskinen with a rebound.
15:45 of 3rd period - Off-side.
15:46 of 3rd period - David Krejci wins face-off versus Eetu Luostarinen in neutral zone.
15:49 of 3rd period - Dante Fabbro is hit by Brad Marchand and loses puck.
15:54 of 3rd period - Shot by Joe Pavelski.
15:54 of 3rd period - Deflect By Brad Marchand.
15:54 of 3rd period - Shot Misses the Net.
15:56 of 3rd period - Shot by David Krejci.
15:56 of 3rd period - Goal by David Krejci - WINNIPEG BEAVERS : 3 - TEXAS TOROS : 1.
15:57 of 3rd period - Jason Dickinson wins face-off versus Mike Hardman in neutral zone.
16:21 of 3rd period - Shot by Vince Dunn.
16:21 of 3rd period - Shot Blocked by Joel Armia.
16:37 of 3rd period - Icing by Justin Braun.
16:38 of 3rd period - Jason Dickinson wins face-off versus Ryan Poehling in WINNIPEG BEAVERS zone.
16:51 of 3rd period - Shot by Dante Fabbro.
16:51 of 3rd period - Stopped by Linus Ullmark without a rebound.
16:52 of 3rd period - Eetu Luostarinen wins face-off versus David Krejci in WINNIPEG BEAVERS zone.
16:57 of 3rd period - Shot by Wade Allison.
16:57 of 3rd period - Stopped by Linus Ullmark with a rebound.
16:59 of 3rd period - Shot by Eetu Luostarinen.
16:59 of 3rd period - Stopped by Linus Ullmark without a rebound.
17:00 of 3rd period - David Krejci wins face-off versus Eetu Luostarinen in WINNIPEG BEAVERS zone.
17:14 of 3rd period - Icing by Dante Fabbro.
17:15 of 3rd period - Eetu Luostarinen wins face-off versus Joe Pavelski in TEXAS TOROS zone.
18:29 of 3rd period - Shot by Ondrej Palat.
18:29 of 3rd period - Stopped by Mikko Koskinen without a rebound.
18:30 of 3rd period - Jason Dickinson wins face-off versus Connor Bunnaman in TEXAS TOROS zone.
18:37 of 3rd period - Shot by Michael Raffl.
18:37 of 3rd period - Stopped by Mikko Koskinen without a rebound.
18:38 of 3rd period - Jason Dickinson wins face-off versus Connor Bunnaman in TEXAS TOROS zone.
18:42 of 3rd period - Minor Penalty to Tyson Barrie for Hooking.
18:43 of 3rd period - David Krejci wins face-off versus Jason Zucker in TEXAS TOROS zone.
18:50 of 3rd period - Shot by David Krejci.
18:50 of 3rd period - Stopped by Mikko Koskinen with a rebound.
19:47 of 3rd period - Ondrej Palat is hit by Madison Bowey.
Goals for this period are 1 for WINNIPEG BEAVERS vs 0 for TEXAS TOROS.
Shots for this period are 16 for WINNIPEG BEAVERS vs 3 for TEXAS TOROS.


DARCY
KUEMPER
JAKE
OETTINGER
NINO
NIEDERREITER

EAST COAST

HOCKEY LEAGUE

  • 1.CHI2QUE4
  • 2.LIM2CHA3
  • 3.LON3TRV5
  • 4.BAL5CHW6
  • 5.MANPIT
  • 6.NHWATL
  • 7.PETWOR
  • 8.RHI